 Dungeon Crawl Stone Soup version 0.31-a0-95-g6fa058ef04 (webtiles) character file.

Game seed: 9394157179726804509

104364 Drazool the Warrior (level 15, 134/134 HPs) *EXPLORE*
             Began as a Demonspawn Fighter on May 25, 2023.
             Was the Champion of Jiyva.
             Quit the game on level 15 of the Dungeon.
             The game lasted 01:11:31 (18805 turns).

Drazool the Warrior (Demonspawn Fighter)           Turns: 18805, Time: 01:11:31

Health: 134/134    AC: 41    Str: 40    XL:     15   Next: 54%
Magic:  24/24      EV: 12    Int:  6    God:    Jiyva [******]
Gold:   1412       SH: 17    Dex: 11    Spells: 14/14 levels left

rFire   + . .        a - +6 war axe
rCold   + + +        W - +2 kite shield {rF+}
rNeg    + . .        A - +4 plate armour {rPois}
rPois   +            (helmet restricted)
rElec   +            s - +1 cloak "Kaudiuc" {Str+3}
rCorr   +            D - +2 pair of gloves {Str+3}
SInv    .            (no boots)
Will    +++++        o - amulet "Ekhigis" {rElec rC++ rN+ Regen+ Stlth+} Stlth
                     Q - ring "Siucipel" {rPois Will+ rCorr AC+4 Int-3}
HPRegen 2.82/turn    R - ring of Bagoawit {Will+ MP+9 Str+4 Slay+2 Stlth+}
MPRegen 0.69/turn

%: no passive effects
@: no status effects
A: claws 1, molten scales 2, demonic guardian 2, icemail 2, condensation shield,
antennae 1, camouflage 1, cold resistance 1, strong-willed 2, strong 2,
gelatinous body 2, evolution 2
}: 1/15 runes: slimy
a: Renounce Religion, Oozemancy, Slimify


You were on level 15 of the Dungeon.
You worshipped Jiyva.
Jiyva was exalted by your worship.
You visited 4 branches of the dungeon, and saw 27 of its levels.
You also visited: Sewer, Bailey and Gauntlet.

You collected 1502 gold pieces.
You spent 90 gold pieces at shops.


Innate Abilities, Weirdness & Mutations

You have sharp fingernails.
You are mostly covered in molten scales. (AC +3)
A demonic guardian rushes to your aid.
A meltable icy envelope protects you from harm. (AC +8)
A meltable shield of frost defends you. (SH +4)
You have a pair of small antennae on your head.
Your skin changes colour to match your surroundings (Stealth+).
Your flesh is cold resistant. (rC+)
You are highly strong-willed. (Will++)
Your muscles are very strong. (Str +8, Int/Dex -2)
Your pliable body absorbs attacks. (AC +2, EV +2)
You have great hidden genetic potential.


   Skills:
 - Level 17.0 Fighting
 - Level 14.1 Axes
 - Level 10.3 Armour
 + Level 5.1 Dodging
 - Level 11.6 Shields


You had 14 spell levels left.
You didn't know any spells.
Your spell library contained the following spells:

 Spells                   Type           Power      Damage    Failure   Level
 Foxfire                  Conj/Fire      0%         2x1d4     97%         1
 Magic Dart               Conj           0%         1d3       97%         1
 Sandblast                Erth           0%         2d4       97%         1
 Blink                    Tloc           0%         N/A       99%         2
 Call Imp                 Summ           0%         N/A       99%         2
 Lesser Beckoning         Tloc           0%         N/A       99%         2
 Momentum Strike          Conj/Tloc      0%         3d8       99%         2
 Passwall                 Tmut/Erth      0%         N/A       99%         2
 Sublimation of Blood     Necr           0%         N/A       99%         2
 Wereblood                Tmut           0%         N/A       99%         2
 Confusing Touch          Hex            0%         N/A       100%        3
 Dazzling Flash           Conj/Hex       0%         N/A       100%        3
 Frozen Ramparts          Ice            0%         1d1       100%        3
 Inner Flame              Hex/Fire       0%         N/A       100%        3
 Mephitic Cloud           Conj/Pois/Air  0%         N/A       100%        3
 Stone Arrow              Conj/Erth      0%         3d7       100%        3
 Tukima's Dance           Hex            0%         N/A       100%        3
 Vampiric Draining        Necr           0%         2d6       100%        3
 Volatile Blastmotes      Fire/Tloc      0%         2d10      100%        3
 Anguish                  Hex/Necr       0%         N/A       100%        4
 Animate Dead             Necr           0%         N/A       100%        4
 Dispel Undead            Necr           0%         3d6       100%        4
 Ice Form                 Ice/Tmut       0%         N/A       100%        4
 Iskenderun's Mystic Bla  Conj/Tloc      0%         2d3       100%        4
 Summon Ice Beast         Ice/Summ       0%         N/A       100%        4
 Borgnjor's Vile Clutch   Necr/Erth      0%         N/A       100%        5
 Fireball                 Conj/Fire      0%         3d3       100%        5
 Yara's Violent Unravell  Hex/Tmut       0%         3d3       100%        5
 Death Channel            Necr           0%         N/A       100%        6
 Plasma Beam              Fire/Air       0%         2x1d11    100%        6
 Starburst                Conj/Fire      0%         6d3       100%        6
 Enfeeble                 Hex            0%         N/A       100%        7
 Summon Hydra             Summ           0%         N/A       100%        7
 Borgnjor's Revivificati  Necr           0%         N/A       100%        8
 Discord                  Hex            0%         N/A       100%        8
 Necromutation            Tmut/Necr      0%         N/A       100%        8
 Death's Door             Necr           0%         N/A       100%        9

Inventory:

Hand Weapons
 a - a +6 war axe (weapon)
 b - a +5 morningstar of freezing
 v - the +6 spear "Roaskise" {freeze, rPois Will+}
   (You found it on level 5 of the Dungeon)

   rPois:     It protects you from poison.
   Will:      It increases your willpower.
Missiles
 E - 65 poisoned darts (quivered)
 T - 4 javelins
 U - 2 throwing nets {=f}
 Y - 3 curare-tipped darts {=f}
Armour
 e - a +0 helmet of see invisible
 g - a +1 helmet
 s - the +1 cloak "Kaudiuc" (worn) {Str+3}
   (You found it on level 3 of the Dungeon)

   Str:       It affects your strength (+3).
 A - a +4 plate armour of poison resistance (worn)
 B - +2 fire dragon scales
 D - a +2 pair of gloves of strength (worn)
 W - a +2 kite shield of fire resistance (worn)
Magical Staves
 O - the staff of conjuration "Myungyt" {rC- rN+ Will- Dex+4, !a}
   (You found it on level 5 of the Pits of Slime)

   [staff of conjuration]

   Base accuracy: +5 Base damage: 5 Base attack delay: 1.2 This weapon's minimum
   attack delay (0.6) is reached at skill level 12.
   Dex:       It affects your dexterity (+4).
   rC:        It makes you vulnerable to cold.
   rN:        It protects you from negative energy.
   Will:      It decreases your willpower.
   It falls into the 'Staves' category.
   It is a one-handed weapon.
Jewellery
 o - the amulet "Ekhigis" (around neck) {rElec rC++ rN+ Regen+ Stlth+}
   (You found it on level 5 of the Pits of Slime)

   [amulet of regeneration]

   rC:        It greatly protects you from cold.
   rElec:     It insulates you from electricity.
   rN:        It protects you from negative energy.
   Regen:     It increases your rate of health regeneration.
   Stlth:     It makes you more stealthy.
 y - an amulet of reflection
 C - a ring of ice
 F - a ring of fire
 P - a ring of poison resistance
 Q - the ring "Siucipel" (left hand) {rPois Will+ rCorr AC+4 Int-3}
   (You found it in a Gauntlet)

   [ring of protection]

   AC:        It affects your AC (+4).
   Int:       It affects your intelligence (-3).
   rPois:     It protects you from poison.
   rCorr:     It protects you from acid and corrosion.
   Will:      It increases your willpower.
 R - the ring of Bagoawit (right hand) {Will+ MP+9 Str+4 Slay+2 Stlth+}
   (You took it off a minotaur in a Gauntlet)

   [ring of magical power]

   Str:       It affects your strength (+4).
   Slay:      It affects your accuracy & damage with ranged weapons and melee
   (+2).
   MP:        It affects your magic capacity (+9).
   Will:      It increases your willpower.
   Stlth:     It makes you more stealthy.
Wands
 p - a wand of flame (34)
 r - a wand of roots (23)
 t - a wand of charming (24)
 H - a wand of quicksilver (17)
 V - a wand of mindburst (7)
Scrolls
 c - a scroll of blinking
 h - 4 scrolls of immolation
 j - 5 scrolls of teleportation {@r2}
 q - 3 scrolls of fog
 u - 2 scrolls of summoning
 x - 2 scrolls of enchant armour
 G - 4 scrolls of amnesia
 K - a scroll of fear
 M - 2 scrolls of poison
 X - 2 scrolls of noise
 Z - 2 scrolls of identify {@r1}
Potions
 d - 3 potions of might
 f - 4 potions of heal wounds {@q2}
 i - 2 potions of degeneration
 k - 5 potions of attraction
 l - 4 potions of lignification {unknown}
 n - 5 potions of curing {@q1}
 z - 3 potions of berserk rage {!q}
 I - a potion of brilliance {unknown}
 L - a potion of cancellation {unknown}
 S - 2 potions of magic {unknown}
Miscellaneous
 m - a lightning rod (4/4)
 w - a phantom mirror
 J - a phial of floods
 N - a piece from Xom's chessboard (15/15)

Dungeon Overview and Level Annotations

Branches:
Dungeon (15/15)            Temple (0/1) D:4            Lair (5/5) D:11
  Swamp (0/4) Lair:2       Spider (0/4) Lair:3        Slime (5/5) Lair:4
    Orc (2/2) D:10            Elf (0/3) Orc:2        Vaults (0/5) D:13
 Depths (0/4) D:15          Sewer (visited)          Bailey (visited)
Gauntlet (visited)

Altars:
Gozag
Hepliaklqana
Qazlal
Jiyva

Shops:
D:2 *   D:3 *   D:6 !   Orc:2 [(*([

Annotations:
D:3 1 runed translucent door, Crazy Yiuf
Lair:2 3 runed translucent doors, Palms's ghost, journeyman HORe

#...<.#............
#.....#............
#.....#............
#...###............
#...#..............
#...#..............
#...#.......#######
#...#.......#......
#######.@.#.......#......
#.........###.....#......
#...........#.....#####''
#...........#............
#####.......#............
#.......#............
#.......#..######....
▒▒▒▒▒▒▒▒▒▒▒'....#....
§§§§§§▒#....#....


There were no monsters in sight!


Message History

a +0 long sword; a +0 leather armour
Things that are here:
a +0 long sword; a +0 leather armour Jiyva gurgles merrily.
You hear a distant slurping noise.
There is an open door here.
There is an open door here.
You hear a distant slurping noise.
Done exploring.
Done exploring.
(D) Dungeon (T) Temple (L) Lair (S) Swamp (N) Spider Nest (M) Slime Pits (O) Orcish Mines (E) Elven Halls (V) Vaults (U) Depths
Where to? (Enter - D:15, ? - help)
Okay, then.
Are you sure you want to abandon this character and quit the game? (Confirm with "yes".)
Okay, then.
(D) Dungeon (T) Temple (L) Lair (S) Swamp (N) Spider Nest (M) Slime Pits (O) Orcish Mines (E) Elven Halls (V) Vaults (U) Depths
Where to? (Enter - D:15, ? - help)
Okay, then.
WARNING: ABOUT TO ENTER EXPLORE MODE!
In explore mode, death is optional.
Once you set a character to explore mode, you can't switch back.
If you continue, your game will not be scored!
Do you really want to enter explore mode? (Confirm with "yes".) Unknown command.
Unknown command.
Are you sure you want to abandon this character and quit the game? (Confirm with "yes".)

Skill      XL: |  1  2  3  4  5  6  7  8  9 10 11 12 13 14 15 |
---------------+----------------------------------------------+-----
Axes           | 2 3 4 5 6 7 9 11 12 14 | 14.1
Armour         | 3 4 5 6 7 9 10 | 10.3
Shields        | 4 7 9 11 | 11.6
Fighting       | 5 10 13 16 17 | 17.0
Dodging        | 5 |  5.1

Action                     |  1- 3 |  4- 6 |  7- 9 | 10-12 | 13-15 || total
---------------------------+-------+-------+-------+-------+-------++-------
  Melee: War axe           |   117 |   293 |   290 |   654 |   982 ||  2336
         Morningstar       |       |       |       |    13 |     8 ||    21
         Bite              |       |       |       |       |    43 ||    43
 Invoke: Oozemancy         |       |       |     1 |       |       ||     1
         Slimify           |       |       |       |       |     2 ||     2
    Use: Scroll            |     5 |     3 |     2 |     8 |     2 ||    20
         Potion            |       |       |       |       |     8 ||     8
   Stab: Confused          |       |       |    11 |    30 |    15 ||    56
         Sleeping          |       |       |       |     1 |       ||     1
         Petrified         |       |       |       |       |     8 ||     8
         Distracted        |       |       |       |       |     2 ||     2
         Petrifying        |       |       |       |       |     1 ||     1
 Armour: Scale mail        |    21 |       |       |       |       ||    21
         Plate armour      |    87 |   186 |   189 |   334 |   475 ||  1271
  Dodge: Dodged            |    37 |    62 |    74 |   225 |   340 ||   738
  Block: Buckler           |    29 |   112 |   159 |   166 |       ||   466
         Kite shield       |       |       |       |   197 |   828 ||  1025

Levels and vault maps discovered:
D:1:      lemuel_arrival_cross, layout_loops_cross, chequers_decorated_corner,
          minmay_heptomino_d4
D:2:      layout_loops_corners, basic_altar, serial_shops,
          nicolae_lakefront_shop, uniq_robin
D:3:      wad_woods_stonehenge, layout_basic,
          hellmonk_ecumenical_altar_leap_of_faith, serial_shops, shop,
          uniq_crazy_yiuf_cottage, uniq_natasha
D:4:      layout_cave_pools, minmay_temple_entry_gardened_gates,
          lightli_sewer_entry_pipes, uniq_edmund, uniq_ijyb
D:5:      layout_basic
D:6:      layout_rooms, mainiacjoe_overflow_cross_hatched, serial_shops,
          nicolae_square_shop, uniq_blork_the_orc, uniq_maggie
D:7:      layout_loops_ring, enter_bailey_3, uniq_joseph
D:8:      layout_rooms, kennysheep_mini, chequers_serial_rivers_marsh
D:9:      layout_loops_corners, uniq_maurice
D:10:     layout_irregular_city, orc_0_dummy
D:11:     layout_gridville, david_lair_shrubbed, gauntlet_entry_generic,
          due_unseen_surprise, uniq_sonja
D:12:     layout_grid_maze, uniq_josephine, uniq_nergalle
D:13:     layout_basic, grunt_vaults_entry_tiered, uniq_erolcha, uniq_jorgrun
D:14:     layout_roguey, minmay_staircase_bubble, nicolae_elevator_lobby_plus
D:15:     grunt_enter_depths_magical_seal, layout_irregular_city,
          skrybe_limestone_x, nicolae_qazlal_eye_of_the_storm, uniq_rupert
Lair:1:   layout_roguey, serial_bayou, serial_bayou_pond_d,
          serial_bayou_shore_b, serial_bayou_shore_b, serial_bayou_pond_c,
          beast_lair_carwin_3
Lair:2:   layout_regular_city, nicolae_swamp_entry_splash_gauntlet,
          maelrawn_ghost_gauntlet_escape, infiniplex_staircase_pool_2,
          serial_bayou_shore_a
Lair:3:   layout_roguey, spider_nest_entry_funnel_web, bobbens_dragon_lair_wall
Lair:4:   layout_hall_layers, nicolae_slime_entry_slimehenge, uniq_snorg
Lair:5:   evilmike_catoblepas_cave, layout_cave_pods, grunt_megastairs_2,
          lemuel_fruit_fields
Slime:1:  layout_caves
Slime:2:  layout_caves
Slime:3:  layout_caves
Slime:4:  layout_caves, cheibrodos_slime_lost_civilization_7
Slime:5
Orc:1:    layout_caves, basic_altar, nicolae_orc_damp_corner
Orc:2:    st_orc_rangers, layout_diamond_mine, serial_shops, shop_statue,
          nicolae_orc_rockfall, david_defended_altar_orc

Notes
Turn   | Place    | Note
-------+----------+-------------------------------------------
     0 | D:1      | Drazool the Demonspawn Fighter began the quest for the Orb.
     0 | D:1      | Reached XP level 1. HP: 18/18 MP: 1/1
    63 | D:1      | Reached skill level 2 in Axes
   331 | D:1      | Gained mutation: You are partially covered in molten
                  | scales. (AC +2) [demonic ancestry]
   331 | D:1      | Reached XP level 2. HP: 24/24 MP: 2/2
   429 | D:1      | Reached skill level 3 in Axes
   526 | D:1      | Gained mutation: You are mostly covered in molten scales.
                  | (AC +3) [demonic ancestry]
   526 | D:1      | Reached XP level 3. HP: 29/29 MP: 3/3
  1001 | D:2      | Found Noromn's General Store.
  1009 | D:2      | Bought a scroll of identify for 20 gold pieces
  1009 | D:2      | Bought a potion of heal wounds for 50 gold pieces
  1180 | D:2      | Noticed Robin
  1197 | D:2      | Killed Robin
  1198 | D:2      | Gained mutation: A meltable shield of frost defends you.
                  | (SH +4) [demonic ancestry]
  1198 | D:2      | Reached XP level 4. HP: 34/35 MP: 4/4
  1211 | D:2      | Reached skill level 4 in Axes
  1438 | D:2      | Reached skill level 3 in Armour
  1840 | D:3      | Found Yqecs's General Store.
  1894 | D:2      | Bought a scroll of identify for 20 gold pieces
  1969 | D:3      | Noticed Natasha
  1975 | D:3      | Killed Natasha
  2034 | D:3      | Gained mutation: A weak demonic guardian rushes to your
                  | aid. [demonic ancestry]
  2034 | D:3      | Reached XP level 5. HP: 41/41 MP: 5/5
  2242 | D:3      | Found a faded altar of an unknown god.
  2246 | D:3      | Prayed at the altar of an unknown god.
  2246 | D:3      | Became a worshipper of Jiyva Jyxo the Shapeless
  2246 | D:3      | Reached * piety under Jiyva
  2260 | D:3      | Noticed Natasha
  2274 | D:3      | Killed Natasha
  2463 | D:3      | Reached skill level 5 in Axes
  2506 | D:3      | Noticed Natasha
  2511 | D:3      | Killed Natasha
  2664 | D:3      | Identified the +1 cloak "Kaudiuc" {Str+3}
  2762 | D:3      | Found a runed translucent door.
  2763 | D:3      | Noticed Crazy Yiuf
  2810 | D:4      | Noticed Edmund
  2814 | D:4      | Gained mutation: You have sharp fingernails. [demonic
                  | ancestry]
  2814 | D:4      | Reached XP level 6. HP: 37/47 MP: 6/6
  2818 | D:4      | Killed Edmund
  2819 | D:4      | Reached skill level 4 in Armour
  2947 | D:4      | Noticed Ijyb
  2957 | D:4      | Killed Ijyb
  2992 | D:4      | Reached ** piety under Jiyva
  3070 | D:4      | Found a staircase to the Ecumenical Temple.
  3164 | D:4      | Reached skill level 6 in Axes
  3207 | D:4      | Found a glowing drain.
  3215 | Sewer    | Entered a sewer
  3401 | Sewer    | Reached XP level 7. HP: 42/52 MP: 7/7
  3923 | D:5      | Entered Level 5 of the Dungeon
  3968 | D:5      | Identified the +6 spear "Roaskise" {freeze, rPois Will+}
  4196 | D:5      | Reached *** piety under Jiyva
  4334 | D:5      | Reached skill level 7 in Axes
  4334 | D:5      | Reached skill level 5 in Armour
  4633 | D:6      | Noticed Maggie
  4650 | D:6      | Killed Maggie
  4651 | D:6      | Gained mutation: A demonic guardian rushes to your aid.
                  | [demonic ancestry]
  4651 | D:6      | Reached XP level 8. HP: 55/58 MP: 8/8
  4747 | D:6      | Gained mutation: Your body has grown eyes which may confuse
                  | attackers. (Acc +3) [Jiyva's grace]
  4747 | D:6      | Gained mutation: Your body has grown many eyes which may
                  | confuse attackers. (Acc +5) [Jiyva's grace]
  4747 | D:6      | Gained mutation: Your body is covered in eyes which may
                  | confuse attackers. (Acc +7, SInv) [Jiyva's grace]
  4747 | D:6      | Gained mutation: You are agile. (Dex +4, Str/Int -1)
                  | [Jiyva's grace]
  4805 | D:6      | Reached skill level 8 in Axes
  4808 | D:6      | Found Orgh's Distillery.
  4909 | D:6      | Reached skill level 6 in Armour
  4980 | D:6      | Found an opulent altar of Gozag.
  5033 | D:6      | Reached skill level 9 in Axes
  5064 | D:6      | Reached XP level 9. HP: 63/63 MP: 9/9
  5097 | D:7      | Noticed Joseph
  5106 | D:7      | Killed Joseph
  5216 | D:7      | Reached **** piety under Jiyva
  5252 | D:7      | Found a flagged portal.
  5263 | Bailey   | Entered a bailey
  5281 | Bailey   | Reached skill level 7 in Armour
  5303 | Bailey   | Reached skill level 10 in Axes
  5918 | D:7      | Reached skill level 11 in Axes
  6188 | D:7      | Reached XP level 10. HP: 69/70 MP: 10/10
  6205 | D:8      | Reached skill level 8 in Armour
  6315 | D:8      | Lost mutation: Your body is covered in eyes which may
                  | confuse attackers. (Acc +7, SInv) [Jiyva's grace]
  6315 | D:8      | Gained mutation: You are covered in slimy tendrils that may
                  | disarm your opponents. [Jiyva's grace]
  6315 | D:8      | Gained mutation: You possess an exceptional clarity of
                  | mind. [Jiyva's grace]
  6315 | D:8      | Gained mutation: Your rubbery body absorbs attacks. (AC +1,
                  | EV +1) [Jiyva's grace]
  6315 | D:8      | Gained mutation: Your pliable body absorbs attacks. (AC +2,
                  | EV +2) [Jiyva's grace]
  6324 | D:8      | Reached ***** piety under Jiyva
  6352 | D:8      | Found a hazy altar of Hepliaklqana.
  6458 | D:8      | Identified the +5 dagger "Asuhedao" {drain, rElec Int+2}
  6725 | D:9      | Reached skill level 12 in Axes
  6823 | D:9      | Noticed Maurice
  6834 | D:9      | Killed Maurice
  6835 | D:9      | Reached skill level 9 in Armour
  6905 | D:9      | Noticed a two-headed ogre
  6927 | D:9      | Killed a two-headed ogre
  7234 | D:9      | Gained mutation: A meltable icy envelope protects you from
                  | harm. (AC +8) [demonic ancestry]
  7234 | D:9      | Reached XP level 11. HP: 75/75 MP: 11/11
  7301 | D:9      | Reached skill level 13 in Axes
  7639 | D:10     | Entered Level 10 of the Dungeon
  7694 | D:10     | Found a staircase to the Orcish Mines.
  7959 | D:10     | Lost mutation: You are agile. (Dex +4, Str/Int -1) [Jiyva's
                  | grace]
  7959 | D:10     | Lost mutation: You possess an exceptional clarity of mind.
                  | [Jiyva's grace]
  7959 | D:10     | Gained mutation: You are somewhat resistant to further
                  | mutation. [Jiyva's grace]
  7959 | D:10     | Gained mutation: You are somewhat resistant to both further
                  | mutation and mutation removal. [Jiyva's grace]
  7959 | D:10     | Gained mutation: You are almost entirely resistant to
                  | further mutation and mutation removal. [Jiyva's grace]
  7959 | D:10     | Gained mutation: You expend magic power (3 MP) to
                  | strengthen your wands. [Jiyva's grace]
  7959 | D:10     | Reached ****** piety under Jiyva
  8367 | D:11     | Found a gate leading to a gauntlet.
  8374 | Gauntlet | Entered a Gauntlet
  8374 | Gauntlet | Noticed a shining eye
  8374 | Gauntlet | Found a transporter.
  8382 | Gauntlet | Found a transporter.
  8384 | Gauntlet | Found a transporter.
  8384 | Gauntlet | Killed a great orb of eyes
  8395 | Gauntlet | Found a transporter.
  8398 | Gauntlet | Found a transporter.
  8398 | Gauntlet | Killed a white ugly thing
  8405 | Gauntlet | Noticed a blizzard demon
  8407 | Gauntlet | Found a transporter.
  8425 | Gauntlet | Found a transporter.
  8428 | Gauntlet | Noticed a blizzard demon
  8436 | Gauntlet | Found a transporter.
  8444 | Gauntlet | Noticed a hell beast
  8445 | Gauntlet | Found a runed translucent door.
  8445 | Gauntlet | Noticed a white ugly thing
  8446 | Gauntlet | Found a transporter.
  8447 | Gauntlet | Found a runed translucent door.
  8460 | Gauntlet | Found a transporter.
  8469 | Gauntlet | Found a transporter.
  8471 | Gauntlet | Found a transporter.
  8504 | Gauntlet | Noticed an oklob plant
  8517 | Gauntlet | Found a transporter.
  8542 | Gauntlet | Killed an oklob plant
  8543 | Gauntlet | Reached skill level 10 in Armour
  8561 | Gauntlet | Identified the ring "Siucipel" {rPois Will+ rCorr AC+4
                  | Int-3}
  8590 | Gauntlet | Killed a blizzard demon
  8606 | Gauntlet | Identified the ring of Bagoawit {Will+ MP+9 Str+4 Slay+2
                  | Stlth+}
  8606 | Gauntlet | Noticed a minotaur
  8618 | Gauntlet | Killed a minotaur
  8619 | Gauntlet | Reached skill level 14 in Axes
  8633 | Gauntlet | Identified the +1 robe "Fuiw" {Dex+7}
  8633 | Gauntlet | Identified the +4 short sword of Foul Odours {freeze, *Rage
                  | Str+4}
  8639 | Gauntlet | Identified the +0 helmet of Liberalism {-Tele rCorr Dex+4}
  8767 | D:11     | Found a staircase to the Lair.
  8787 | D:11     | Reached skill level 3 in Shields
  8882 | D:11     | Noticed Sonja
  8889 | D:11     | Killed Sonja
  8890 | D:11     | Reached skill level 4 in Fighting
  9232 | Lair:1   | Entered Level 1 of the Lair of Beasts
  9272 | Lair:1   | Lost mutation: You are almost entirely resistant to further
                  | mutation and mutation removal. [Jiyva's grace]
  9272 | Lair:1   | Lost mutation: You are somewhat resistant to both further
                  | mutation and mutation removal. [Jiyva's grace]
  9272 | Lair:1   | Lost mutation: You are somewhat resistant to further
                  | mutation. [Jiyva's grace]
  9272 | Lair:1   | Gained mutation: You have hidden genetic potential.
                  | [Jiyva's grace]
  9272 | Lair:1   | Gained mutation: You have great hidden genetic potential.
                  | [Jiyva's grace]
  9272 | Lair:1   | Gained mutation: You possess an exceptional clarity of
                  | mind. [Jiyva's grace]
  9272 | Lair:1   | Gained mutation: You are robust. (+10% HP) [Jiyva's grace]
  9288 | Lair:1   | Reached skill level 5 in Fighting
  9355 | Lair:1   | Reached skill level 4 in Shields
  9425 | Lair:1   | Reached XP level 12. HP: 95/95 MP: 12/12
  9478 | Lair:1   | Reached skill level 6 in Fighting
  9532 | Lair:1   | Reached skill level 7 in Fighting
  9570 | Lair:1   | Reached skill level 5 in Shields
 10079 | Lair:2   | Reached skill level 8 in Fighting
 10090 | Lair:2   | Found a staircase to the Swamp.
 10241 | Lair:2   | Reached skill level 6 in Shields
 10401 | Lair:2   | Noticed Palms's ghost (journeyman HORe)
 10402 | Lair:2   | Noticed a minotaur
 10438 | Lair:2   | Noticed an eight-headed hydra
 10453 | Lair:2   | Killed a nine-headed hydra
 10454 | Lair:2   | Reached skill level 9 in Fighting
 10466 | Lair:2   | Gained mutation: Your movements are slightly less
                  | encumbered by armour. (ER -2) [hidden potential]
 10514 | Lair:2   | Noticed a seven-headed hydra
 10522 | Lair:2   | Killed an eight-headed hydra
 10580 | Lair:2   | Got the Papyrus of Macabre Incandescence
 10600 | Lair:2   | Found a runed translucent gate.
 10600 | Lair:2   | Found a runed translucent gate.
 10601 | Lair:2   | Found a runed translucent gate.
 10940 | Lair:3   | Noticed a four-headed hydra
 10947 | Lair:3   | Killed a four-headed hydra
 10948 | Lair:3   | Reached skill level 10 in Fighting
 10953 | Lair:3   | Lost mutation: Your pliable body absorbs attacks. (AC +2,
                  | EV +2) [Jiyva's grace]
 10953 | Lair:3   | Gained mutation: Your skin changes colour to match your
                  | surroundings (Stealth+). [Jiyva's grace]
 10953 | Lair:3   | Gained mutation: Your skin blends seamlessly with your
                  | surroundings (Stealth++). [Jiyva's grace]
 10953 | Lair:3   | Gained mutation: Your skin perfectly mimics your
                  | surroundings (Stealth+++). [Jiyva's grace]
 10953 | Lair:3   | Gained mutation: You have very sharp fingernails. [Jiyva's
                  | grace]
 11018 | Lair:3   | Found a hole to the Spider Nest.
 11173 | Lair:3   | Noticed a death yak
 11174 | Lair:3   | Noticed a death yak
 11195 | Lair:3   | Reached skill level 7 in Shields
 11195 | Lair:3   | Killed a death yak
 11196 | Lair:3   | Gained mutation: A meltable icy envelope protects you from
                  | harm. (AC +8) [demonic ancestry]
 11196 | Lair:3   | Reached XP level 13. HP: 107/114 MP: 13/13
 11222 | Lair:3   | Reached skill level 11 in Fighting
 11410 | Lair:3   | You fall into a shaft and drop 2 floors!
 11410 | Lair:5   | Entered Level 5 of the Lair of Beasts
 11525 | Lair:5   | Reached skill level 8 in Shields
 11536 | Lair:5   | Reached skill level 12 in Fighting
 11544 | Lair:5   | Gained mutation: You passively map a small area around you.
                  | [hidden potential]
 11544 | Lair:5   | Lost mutation: You have great hidden genetic potential.
                  | [hidden potential expressed]
 11587 | Lair:5   | Identified the +2 hand axe "Vapleeni" {heavy, *Noise
                  | Fragile rC++ MP+9}
 11740 | Lair:5   | Reached skill level 13 in Fighting
 11858 | Lair:5   | Reached skill level 9 in Shields
 12029 | Lair:4   | Noticed Snorg
 12054 | Lair:4   | Slimified Snorg
 12054 | Lair:4   | Snorg changed into Snorg the acid blob
 12054 | Lair:4   | Noticed Snorg
 12062 | Lair:4   | Lost mutation: Your skin perfectly mimics your surroundings
                  | (Stealth+++). [Jiyva's grace]
 12062 | Lair:4   | Lost mutation: Your skin blends seamlessly with your
                  | surroundings (Stealth++). [Jiyva's grace]
 12062 | Lair:4   | Lost mutation: You are robust. (+10% HP) [Jiyva's grace]
 12062 | Lair:4   | Gained mutation: Your pliable body absorbs attacks. (AC +2,
                  | EV +2) [Jiyva's grace]
 12062 | Lair:4   | Gained mutation: Your gelatinous body deflects attacks. (AC
                  | +3, EV +3) [Jiyva's grace]
 12062 | Lair:4   | Gained mutation: Your system is resistant to poisons.
                  | (rPois) [Jiyva's grace]
 12062 | Lair:4   | Gained mutation: Your skin blends seamlessly with your
                  | surroundings (Stealth++). [Jiyva's grace]
 12081 | Lair:4   | Found a staircase to the Slime Pits.
 12081 | Lair:4   | Found a viscous altar of Jiyva.
 12121 | Slime:1  | Entered Level 1 of the Pits of Slime
 12142 | Slime:1  | Noticed an acid blob
 12145 | Slime:1  | Noticed an acid blob
 12164 | Slime:1  | Noticed a quicksilver ooze
 12181 | Slime:1  | Noticed a quicksilver ooze
 12276 | Slime:2  | Noticed an acid blob
 12287 | Slime:2  | Noticed a rockslime
 12297 | Slime:2  | Noticed an acid blob
 12299 | Slime:2  | Noticed an acid blob
 12314 | Slime:2  | Noticed an azure jelly
 12345 | Slime:3  | Noticed a rockslime
 12346 | Slime:3  | Noticed a rockslime
 12393 | Slime:4  | Noticed a rockslime
 12403 | Slime:4  | Noticed an acid blob
 12407 | Slime:5  | Entered Level 5 of the Pits of Slime
 12417 | Slime:5  | Noticed a rockslime
 12467 | Slime:5  | Noticed an azure jelly
 12502 | Slime:5  | Noticed an acid blob
 12515 | Slime:5  | Noticed an acid blob
 12523 | Slime:5  | Noticed an acid blob
 12527 | Slime:5  | Noticed a quicksilver ooze
 12527 | Slime:5  | Noticed an acid blob
 12544 | Slime:5  | Noticed a quicksilver ooze
 12552 | Slime:5  | Noticed a quicksilver ooze
 12590 | Slime:5  | Found a viscous altar of Jiyva.
 12591 | Slime:5  | Noticed an acid blob
 12596 | Slime:5  | Got the Anthology of Fascination
 12599 | Slime:5  | Got a slimy rune of Zot
 12602 | Slime:5  | Noticed an acid blob
 12602 | Slime:5  | Noticed an acid blob
 12608 | Slime:5  | Identified the staff of air "Oghenu" {rElec rF- rN+ Dex+3}
 12616 | Slime:5  | Identified the +4 scale mail of Vexation {SInv}
 12624 | Slime:5  | Identified the amulet "Ekhigis" {rElec rC++ rN+ Regen+
                  | Stlth+}
 12625 | Slime:5  | Identified the staff of conjuration "Myungyt" {rC- rN+
                  | Will- Dex+4}
 12663 | Slime:5  | Noticed an acid blob
 12668 | Slime:4  | Noticed an azure jelly
 12668 | Slime:4  | Noticed an azure jelly
 12677 | Slime:3  | Noticed an azure jelly
 13031 | Lair:3   | Lost mutation: You expend magic power (3 MP) to strengthen
                  | your wands. [potion of mutation]
 13031 | Lair:3   | Lost mutation: You possess an exceptional clarity of mind.
                  | [potion of mutation]
 13031 | Lair:3   | Lost mutation: You have hidden genetic potential. [potion
                  | of mutation]
 13031 | Lair:3   | Gained mutation: You occasionally lose the ability to drink
                  | potions when taking damage. [potion of mutation]
 13031 | Lair:3   | Lost mutation: Your skin blends seamlessly with your
                  | surroundings (Stealth++). [potion of mutation]
 13032 | Lair:3   | Lost mutation: Your gelatinous body deflects attacks. (AC
                  | +3, EV +3) [potion of mutation]
 13032 | Lair:3   | Lost mutation: You are covered in slimy tendrils that may
                  | disarm your opponents. [potion of mutation]
 13032 | Lair:3   | Lost mutation: You have very sharp fingernails. [potion of
                  | mutation]
 13032 | Lair:3   | Lost mutation: You passively map a small area around you.
                  | [potion of mutation]
 13033 | Lair:3   | Lost mutation: Your movements are slightly less encumbered
                  | by armour. (ER -2) [potion of mutation]
 13033 | Lair:3   | Lost mutation: Your body has grown many eyes which may
                  | confuse attackers. (Acc +5) [potion of mutation]
 13033 | Lair:3   | Lost mutation: Your system is resistant to poisons. (rPois)
                  | [potion of mutation]
 13033 | Lair:3   | Gained mutation: You passively dampen the noise of your
                  | surroundings. [potion of mutation]
 13033 | Lair:3   | Gained mutation: You have supernaturally acute eyesight.
                  | (SInv) [potion of mutation]
 13033 | Lair:3   | Lost mutation: You passively dampen the noise of your
                  | surroundings. [potion of mutation]
 13033 | Lair:3   | Gained mutation: Your system is resistant to poisons.
                  | (rPois) [potion of mutation]
 13040 | Lair:3   | Identified a potion of resistance
 13067 | Lair:4   | Reached XP level 14. HP: 118/118 MP: 14/14
 13774 | Lair:5   | Reached skill level 14 in Fighting
 14013 | Lair:5   | Reached skill level 10 in Shields
 14315 | Orc:1    | Entered Level 1 of the Orcish Mines
 14437 | Orc:1    | Identified a +2 robe of the Archmagi
 14532 | Orc:1    | Lost mutation: Your system is resistant to poisons. (rPois)
                  | [Jiyva's grace]
 14532 | Orc:1    | Lost mutation: Your body has grown eyes which may confuse
                  | attackers. (Acc +3) [Jiyva's grace]
 14532 | Orc:1    | Lost mutation: You occasionally lose the ability to drink
                  | potions when taking damage. [Jiyva's grace]
 14532 | Orc:1    | Gained mutation: Your flesh is cold resistant. (rC+)
                  | [Jiyva's grace]
 14532 | Orc:1    | Gained mutation: Your flesh is very cold resistant. (rC++)
                  | [Jiyva's grace]
 14532 | Orc:1    | Gained mutation: Your flesh is almost immune to the effects
                  | of cold. (rC+++) [Jiyva's grace]
 14532 | Orc:1    | Gained mutation: You have a pair of small antennae on your
                  | head. [Jiyva's grace]
 14706 | Orc:2    | Entered Level 2 of the Orcish Mines
 14711 | Orc:2    | Found a staircase to the Elven Halls.
 14831 | Orc:2    | Reached skill level 15 in Fighting
 14915 | Orc:2    | Found Wuytad's Antique Armour Shop.
 14936 | Orc:2    | Noticed an orc warlord
 14954 | Orc:2    | Slimified an orc warlord
 14954 | Orc:2    | an orc warlord changed into an acid blob
 14954 | Orc:2    | Noticed an acid blob
 15100 | Orc:2    | Found Fyed's General Store.
 15100 | Orc:2    | Found Hical's Weapon Emporium.
 15128 | Orc:2    | Found Etamestroe's Armour Shoppe.
 15130 | Orc:2    | Found Goecesko's Weapon Boutique.
 15944 | D:12     | Noticed Nergalle
 15957 | D:12     | Killed Nergalle
 15965 | D:12     | Lost mutation: Your flesh is almost immune to the effects
                  | of cold. (rC+++) [Jiyva's grace]
 15965 | D:12     | Lost mutation: Your flesh is very cold resistant. (rC++)
                  | [Jiyva's grace]
 15965 | D:12     | Gained mutation: You have acidic saliva. [Jiyva's grace]
 15965 | D:12     | Gained mutation: Your muscles are strong. (Str +4, Int/Dex
                  | -1) [Jiyva's grace]
 15965 | D:12     | Gained mutation: Your muscles are very strong. (Str +8,
                  | Int/Dex -2) [Jiyva's grace]
 15965 | D:12     | Gained mutation: Your gelatinous body deflects attacks. (AC
                  | +3, EV +3) [Jiyva's grace]
 16025 | D:12     | Identified the +0 chain mail "Ipum" {+Blink Str+6 Int+4}
 16128 | D:12     | Noticed Josephine
 16138 | D:12     | Killed Josephine
 16528 | D:13     | Reached skill level 16 in Fighting
 16584 | D:13     | Reached skill level 11 in Shields
 16624 | D:13     | Found a gate to the Vaults.
 16636 | D:13     | Reached XP level 15. HP: 130/131 MP: 15/15
 17129 | D:13     | Noticed Erolcha
 17131 | D:13     | Noticed Jorgrun
 17136 | D:13     | Killed Erolcha
 17154 | D:13     | Killed Jorgrun
 17874 | D:14     | Lost mutation: You have supernaturally acute eyesight.
                  | (SInv) [Jiyva's grace]
 17874 | D:14     | Lost mutation: You have acidic saliva. [Jiyva's grace]
 17874 | D:14     | Lost mutation: Your gelatinous body deflects attacks. (AC
                  | +3, EV +3) [Jiyva's grace]
 17874 | D:14     | Gained mutation: You have hidden genetic potential.
                  | [Jiyva's grace]
 17874 | D:14     | Gained mutation: You have great hidden genetic potential.
                  | [Jiyva's grace]
 17874 | D:14     | Gained mutation: You are strong-willed. (Will+) [Jiyva's
                  | grace]
 17874 | D:14     | Gained mutation: You are highly strong-willed. (Will++)
                  | [Jiyva's grace]
 17954 | D:14     | Reached skill level 17 in Fighting
 18070 | D:15     | Entered Level 15 of the Dungeon
 18165 | D:15     | Reached skill level 1 in Dodging
 18209 | D:15     | Reached skill level 2 in Dodging
 18237 | D:15     | Reached skill level 3 in Dodging
 18265 | D:15     | Reached skill level 4 in Dodging
 18277 | D:15     | Found a staircase to the Depths.
 18311 | D:15     | Identified the +0 mace of the Assorted Spirits {holy,
                  | +Blink rElec rF+ Int-2 Dex+2}
 18395 | D:15     | Found a stormy altar of Qazlal.
 18588 | D:15     | Noticed Rupert
 18607 | D:15     | Killed Rupert
 18608 | D:15     | Reached skill level 5 in Dodging
 18802 | D:15     | Entered explore mode.
 18805 | D:15     | Quit the game

Vanquished Creatures
  Rupert (D:15)
  Jorgrun (D:13)
  A blizzard demon (Gauntlet)
  Josephine (D:12)
  A vault guard (D:13)
  Erolcha (D:13)
  5 hydras
  4 boulder beetles
  5 catoblepae
  3 two-headed ogres
  3 centaur warriors
  9 death yaks
  Sonja (D:11)
  Nergalle (D:12)
  A skyshark (Lair:5)
  5 skeletal warriors (D:13)
  2 orc knights (Orc:2)
  3 bog bodies (Lair:2)
  A wizard (D:15)
  3 deep elf pyromancers
  4 necromancers
  2 deep elf zephyrmancers (D:15)
  2 ugly things
  2 oklob plants
  2 manticores (Lair:5)
  A wolf spider (Lair:3)
  4 cyclopes
  2 centaur zombies (D:15)
  Maurice (D:9)
  12 elephants (Lair:5)
  A naga mage (D:15)
  A torpor snail (Lair:5)
  Joseph (D:7)
  A gargoyle (D:10)
  15 cane toads
  A kobold demonologist (D:13)
  2 unseen horrors
  Maggie (D:6)
  A centaur skeleton (D:15)
  5 komodo dragons
  A freezing wraith (D:15)
  An efreet (D:14)
  9 rime drakes
  An ice devil (Gauntlet)
  2 trolls
  2 polar bears
  2 hornets
  3 meliai (D:15)
  A tarantella (shapeshifter) (D:15)
  16 blink frogs
  A meliai zombie (D:15)
  6 dream sheep (Lair:5)
  2 culicivoras (Lair:3)
  A shadow (D:12)
  10 wraiths
  3 wyverns
  20 humans (D:13)
  2 vampires (D:13)
  50 yaks
  A basilisk (Lair:1)
  10 vampire mosquitoes
  6 steam dragons
  2 swamp worms (Lair:2)
  2 wargs
  4 acid dragons
  Edmund (D:4)
  12 water moccasins
  2 ice beasts
  6 ogres
  32 orc warriors
  5 wolves (Lair:1)
  15 centaurs
  3 phantoms (D:6)
  6 kobold brigands
  12 bullfrogs
  A scorpion (D:6)
  16 wights
  14 killer bees
  2 electric eels (Lair:2)
  6 howler monkeys
  16 orc priests
  Ijyb (D:4)
  Natasha (thrice) (D:3)
  4 hell rats (Lair:1)
  A sleepcap (D:8)
  20 orc wizards
  Robin (D:2)
  8 adders
  7 gnolls
  A white imp (Gauntlet)
  3 worms
  2 dart slugs
  75 orcs
  3 endoplasms
  4 giant cockroaches
  19 goblins
  8 hobgoblins
  5 jackals
  35 kobolds
  11 quokkas
  12 ball pythons
  4 bats (D:1)
  11 frilled lizards
  11 rats
669 creatures vanquished.

Vanquished Creatures (collateral kills)
  A minotaur (Gauntlet)
  A centaur warrior (D:15)
  A death yak (Lair:3)
  2 orc knights (Orc:2)
  4 elephants (Lair:5)
  A wraith (D:12)
  6 yaks
  A steam dragon (Lair:3)
  7 orc warriors
  A bullfrog (D:6)
  2 killer bees (D:8)
  An orc priest (D:8)
  An orc wizard (D:8)
  An adder (D:4)
  3 orcs
33 creatures vanquished.

Vanquished Creatures (others)
  A great orb of eyes (Gauntlet)
  A death yak (Lair:3)
  An ugly thing (Gauntlet)
  2 rime drakes (Lair:3)
  A steam dragon (Lair:3)
  A water moccasin (Lair:3)
  An orc warrior (Bailey)
  3 centaurs (Orc:2)
  57 jellies
  A hound (D:4)
  4 orc priests (Orc:2)
  3 orc wizards
  An adder (Sewer)
  2 gnolls (D:4)
  A river rat (D:4)
  A white imp (Gauntlet)
  A dart slug (D:4)
  4 orcs
  3 endoplasms
  2 giant cockroaches (Sewer)
  A goblin (D:4)
  A quokka (Sewer)
  A frilled lizard (Sewer)
  A butterfly (Lair:5)
95 creatures vanquished.

Grand Total: 797 creatures vanquished

Table legend: (Time is in decaauts)
 A = Elapsed time spent in this place.
 B = Non-inter-level travel time spent in this place.
 C = Inter-level travel time spent in this place.
 D = Time resting spent in this place.
 E = Time spent auto-exploring this place.
 F = Levels seen in this place.
 G = Mean time per level.
                   A        B        C        D        E       F      G
               +--------+--------+--------+--------+--------+-----+--------+
         Total |  18966 |  17987 |    979 |     76 |  12726 |  30 |  632.2 |
       Dungeon |  11483 |  10868 |    615 |     55 |   8036 |  15 |  765.5 |
          Lair |   4359 |   4167 |    192 |      9 |   2923 |   5 |  871.8 |
    Slime Pits |    601 |    481 |    120 |      0 |    421 |   5 |  120.2 |
  Orcish Mines |   1153 |   1102 |     51 |      0 |    815 |   2 |  576.5 |
         Sewer |    701 |    701 |      0 |      0 |    363 |   1 |  701.0 |
        Bailey |    390 |    390 |      0 |      3 |    124 |   1 |  390.0 |
      Gauntlet |    276 |    276 |      0 |      9 |     44 |   1 |  276.0 |
               +--------+--------+--------+--------+--------+-----+--------+

Top non-repeatable levels by time:
  Lair:5: 1209 daAuts
     D:2: 1081 daAuts
    D:13: 988 daAuts
     D:3: 951 daAuts
     D:9: 917 daAuts
    D:12: 914 daAuts
  Lair:2: 914 daAuts
     D:1: 860 daAuts
  Lair:3: 810 daAuts
   Orc:2: 757 daAuts
    D:10: 752 daAuts
  Lair:1: 752 daAuts
     D:5: 717 daAuts
    D:15: 717 daAuts
     D:7: 701 daAuts

Table legend:
 A = Non-vault XP
 B = Vault XP
 C = Vault XP percentage of total XP
 D = Non-vault monster count
 E = Vault monster count
 F = Vault count percentage of total count
                 A         B        C        D         E       F
            +---------+---------+-------+---------+---------+-------
      Total |   79046 |   51475 |  39.4 |     481 |     226 |  32.0
            +---------+---------+-------+---------+---------+-------
        D:1 |      46 |       5 |   9.8 |      20 |       3 |  13.0
        D:2 |      60 |      36 |  37.5 |      23 |      11 |  32.4
        D:3 |     147 |      78 |  34.7 |      18 |       9 |  33.3
        D:4 |     109 |     205 |  65.3 |      14 |       8 |  36.4
        D:5 |     375 |       0 |   0.0 |      10 |       0 |   0.0
        D:6 |    1166 |     376 |  24.4 |      18 |       1 |   5.3
        D:7 |     927 |     417 |  31.0 |      22 |       5 |  18.5
        D:8 |    2039 |       0 |   0.0 |      43 |       0 |   0.0
        D:9 |    3662 |     426 |  10.4 |      40 |       1 |   2.4
       D:10 |    3045 |       0 |   0.0 |      24 |       0 |   0.0
       D:11 |    1080 |    1155 |  51.7 |       7 |       2 |  22.2
       D:12 |    3633 |    2687 |  42.5 |      13 |       7 |  35.0
       D:13 |    7881 |    9270 |  54.0 |      19 |      27 |  58.7
       D:14 |    3965 |       0 |   0.0 |       6 |       0 |   0.0
       D:15 |    7249 |    6270 |  46.4 |      18 |      10 |  35.7
     Lair:1 |    6542 |     616 |   8.6 |      31 |       5 |  13.9
     Lair:2 |    4982 |    2363 |  32.2 |      17 |       6 |  26.1
     Lair:3 |    6494 |    3995 |  38.1 |      13 |      16 |  55.2
     Lair:4 |    5408 |       0 |   0.0 |      17 |       0 |   0.0
     Lair:5 |   17065 |   12765 |  42.8 |      50 |      29 |  36.7
      Orc:1 |    1720 |       0 |   0.0 |      35 |       0 |   0.0
      Orc:2 |    1451 |    6173 |  81.0 |      23 |      35 |  60.3
      Sewer |       0 |     229 | 100.0 |       0 |      16 | 100.0
     Bailey |       0 |    1281 | 100.0 |       0 |      28 | 100.0
   Gauntlet |       0 |    3128 | 100.0 |       0 |       7 | 100.0
            +---------+---------+-------+---------+---------+-------
